 Dungeon Crawl Stone Soup version 0.29.1 (webtiles) character file.

Game seed: 13000162490779260489

11127 qw the Severer (level 11, -3/145 HPs)
             Began as a Minotaur Berserker on Sept 13, 2022.
             Was an Elder of Trog.
             Slain by a boulder beetle (59 damage)
             ... on level 1 of the Lair of Beasts.
             The game lasted 00:03:40 (11234 turns).

qw the Severer (Minotaur Berserker)                Turns: 11234, Time: 00:03:40

Health: -3/145     AC:  5    Str: 32    XL:     11   Next: 45%
Magic:  10/10      EV:  9    Int: 10    God:    Trog [****..]
Gold:   689        SH:  0    Dex:  8    Spells: 10/10 levels left

rFire   x . .      SeeInvis +   k - +0 broad axe (flame)
rCold   . . .      Faith    .   (no shield)
rNeg    . . .      Spirit   .   g - +0 plate armour
rPois   +          Reflect  .   (helmet restricted)
rElec   +          Harm     .   l - +0 cloak
rCorr   .          Rampage  .   b - +2 pair of gloves of Posetu Ekuall {rElec Int+8 Dex-2}
Will    .....                   i - +1 pair of boots
Stlth   ..........              d - amulet of the Special Mystics {+Inv rF- Regen+ Int-2 SInv}
HPRegen 1.14/turn               r - ring of Midsummer {rElec rPois}
MPRegen 0.12/turn               p - +6 ring of strength

@: berserking (expiring), corroded, very quick
A: horns 2, retaliatory headbutt
a: Renounce Religion, Evoke Invisibility, Berserk, Trog's Hand, Brothers in Arms


You were on level 1 of the Lair of Beasts.
You worshipped Trog.
Trog was greatly pleased with you.
You visited 2 branches of the dungeon, and saw 11 of its levels.

You collected 699 gold pieces.
You spent 10 gold pieces at shops.


Innate Abilities, Weirdness & Mutations

You have a pair of horns on your head.
You reflexively headbutt those who attack you in melee.


   Skills:
 + Level 9.2 Fighting
 - Level 17.1 Axes
 - Level 3.1 Throwing
 - Level 9.1 Armour
 - Level 4.3 Dodging


You had 10 spell levels left.
You didn't know any spells.
Your spell library was empty.

Inventory:

Hand Weapons
 k - a +0 broad axe of flaming (weapon)
Missiles
 j - 4 javelins (quivered)
 q - 3 boomerangs
Armour
 b - the +2 pair of gloves of Posetu Ekuall (worn) {rElec Int+8 Dex-2}
   (You acquired it on level 2 of the Dungeon)

   Int:       It affects your intelligence (+8).
   Dex:       It affects your dexterity (-2).
   rElec:     It insulates you from electricity.
 g - a +0 plate armour (worn)
 i - a +1 pair of boots (worn)
 l - a +0 cloak (worn)
 t - the +2 cloak of the Thief {*Fog Slay-2 SInv Stlth+}
   (You acquired it on level 10 of the Dungeon)

   It may release a thick cloud of smoke when the wearer is hurt.
   Slay:      It affects your accuracy & damage with ranged weapons and melee
   (-2).
   SInv:      It lets you see invisible.
   Stlth:     It makes you more stealthy.
 u - a +4 ring mail of fire resistance
Jewellery
 d - the amulet of the Special Mystics (around neck) {+Inv rF- Regen+ Int-2 SInv}
   (You found it on level 8 of the Dungeon)

   [amulet of regeneration]

   Int:       It affects your intelligence (-2).
   rF:        It makes you vulnerable to fire.
   SInv:      It lets you see invisible.
   +Inv:      It lets you turn invisible.
   Regen:     It increases your rate of health regeneration.
 p - a +6 ring of strength (right hand)
 r - the ring of Midsummer (left hand) {rElec rPois}
   (You took it off an orc warrior on level 10 of the Dungeon)

   [ring of poison resistance]

   rElec:     It insulates you from electricity.
   rPois:     It protects you from poison.
 Y - a +6 ring of dexterity
Scrolls
 a - a scroll of identify
 m - 2 scrolls of teleportation
Potions
 c - 3 potions of might
 f - a potion of resistance
 h - a potion of haste
 n - a potion of heal wounds
 o - a potion of mutation
 s - a potion of flight {unknown}

Dungeon Overview and Level Annotations

Branches:
Dungeon (10/15)            Temple (0/1) D:5            Lair (1/5) D:10
    Orc (0/2) D:10

Altars:
Sif Muna
Xom

Shops:
D:5 *


Message History

The splash of acid hits you! The acid corrodes you!
You barely miss the water moccasin.
Your headbutt misses the water moccasin.
The oklob plant spits acid at you. The splash of acid hits you!!
The boulder beetle leaps!
The water moccasin bites you but does no damage.
You slice the water moccasin!! You burn the water moccasin!
You kill the water moccasin!
Trog accepts your kill. The oklob plant spits acid at you.
The splash of acid misses you.
The floating eye gazes piercingly through you!
You shrug off the repeated paralysis!
The oklob plant spits acid at you. The splash of acid hits you!
The acid corrodes you!
You slash the oklob plant! You burn the oklob plant.
The oklob plant is moderately damaged.
The oklob plant spits acid at you. The splash of acid hits you!
The boulder beetle leaps!
The floating eye seems to glare at you.
You slice the oklob plant!! You burn the oklob plant.
The oklob plant is severely damaged.
You hit the oklob plant but do no damage.
You punch the oklob plant, but do no damage.
The oklob plant is severely damaged.
The oklob plant spits acid at you. The splash of acid hits you.
The acid corrodes you!
The floating eye gazes piercingly through you!
You suddenly lose the ability to move!
The floating eye seems to glare at you.
The boulder beetle curls into a ball and begins rolling!
You can move again.
You slash the oklob plant! You burn the oklob plant.
You headbutt the oklob plant.
You destroy the oklob plant!
Trog accepts your kill.
Your Axes skill increases to level 17!
The floating eye gazes piercingly through you!
You shrug off the repeated paralysis!
The boulder beetle hits you!!!
You die...

#........#
...........#..#
#........#
.........###..'
#######'##
##.#..#### ###.
##.### #.#### ##
#....#####..... #
####+..........#+#
...................
...................
.........B@........
...................
>..........PPPP(...
..........PPGPP....
.........PP(.!P....
........PP.P>P....
.......PP..PPP...
.......PP.P.....


You could see a boulder beetle (rolling), 2 oklob plants and a floating eye.

Vanquished Creatures
  A two-headed ogre (D:10)
  Sonja (D:10)
  Nergalle (D:10)
  Pikel (D:6)
  A cyclops (D:9)
  An oklob plant (Lair:1)
  Maurice (D:9)
  A gargoyle (D:10)
  3 cane toads (Lair:1)
  3 shadows (D:10)
  14 yaks
  2 steam dragons (D:9)
  2 water moccasins
  2 orc warriors (D:10)
  2 black bears
  2 ice beasts (D:7)
  4 ogres
  3 sky beasts
  4 centaurs
  4 lemures (D:6)
  A phantom (D:10)
  3 kobold brigands
  3 necrophages
  A bullfrog (Lair:1)
  4 scorpions
  2 troll zombies (D:10)
  9 wights
  6 killer bees
  A howler monkey (D:6)
  3 electric eels (Lair:1)
  2 hounds
  3 orc priests
  A jelly (D:7)
  An iguana (D:5)
  8 orc wizards
  4 ogre zombies (D:10)
  5 gnolls
  4 adders
  A shadow imp (D:7)
  2 white imps
  2 ufetubi
  4 dart slugs
  16 orcs
  8 ball pythons
  8 endoplasms
  4 giant cockroaches
  6 goblins
  9 hobgoblins
  5 jackals
  2 quokkas
  5 bats
  3 frilled lizards
  A goblin skeleton (D:10)
  3 goblin zombies (D:10)
  A hobgoblin skeleton (D:10)
  23 kobolds
  3 orc skeletons (D:10)
  11 orc zombies (D:10)
  A rat (D:1)
232 creatures vanquished.

Vanquished Creatures (others)
  8 plants (Lair:1)
8 creatures vanquished.

Grand Total: 240 creatures vanquished

Notes
Turn   | Place    | Note
-------+----------+-------------------------------------------
     0 | D:1      | qw the Minotaur Berserker began the quest for the Orb.
     0 | D:1      | Reached XP level 1. HP: 19/19 MP: 0/0
     0 | D:1      | 0 ||| qw: Version: 0.1-a-119-g272c26d
     0 | D:1      | 0 ||| qw: Game counter: 11167
     0 | D:1      | 0 ||| qw: Always use a shield: true
     0 | D:1      | 0 ||| qw: Do Orc after D:15 true
     0 | D:1      | 0 ||| qw: Do second Lair branch before Depths: true
     0 | D:1      | 0 ||| qw: Lair rune preference: random
     0 | D:1      | 0 ||| qw: Plans: Normal
     0 | D:1      | 0 ||| PLANNING D:1-11
   191 | D:1      | Reached skill level 4 in Axes
   332 | D:1      | 332 ||| Stepping ~*~*~tactically~*~*~ (stealth).
   339 | D:1      | Reached XP level 2. HP: 19/26 MP: 1/1
   570 | D:1      | 570 ||| INVOKING Berserk.
   573 | D:1      | Reached skill level 5 in Axes
   703 | D:1      | 703 ||| Stepping ~*~*~tactically~*~*~ (hiding).
   810 | D:1      | 810 ||| DROPPING +0 club.
   850 | D:1      | Reached XP level 3. HP: 31/31 MP: 2/2
  1387 | D:1      | 1387 ||| DROPPING orb of guile.
  1388 | D:1      | 1388 ||| UPGRADING to +0 leather armour.
  1398 | D:1      | 1398 ||| DROPPING +0 animal skin.
  1399 | D:1      | 1399 ||| READING scroll labelled TARIH POMPARHI.
  1450 | D:2      | 1450 ||| STAIRDANCE
  1899 | D:2      | 1899 ||| Stepping ~*~*~tactically~*~*~ (stealth).
  1901 | D:2      | 1901 ||| Stepping ~*~*~tactically~*~*~ (stealth).
  1952 | D:2      | 1952 ||| READING scroll labelled KEEPHU TO IDGHI.
  1955 | D:2      | 1955 ||| READING scroll labelled PECAGA HA ECK.
  1955 | D:2      | Identified a scroll of acquirement
  1955 | D:2      | 1955 ||| ACQUIRING +2 pair of gloves of Posetu Ekuall
                  | {rElec Int+8 Dex-2}
  1955 | D:2      | Acquired the +2 pair of gloves of Posetu Ekuall {rElec
                  | Int+8 Dex-2}
  1957 | D:2      | 1957 ||| UPGRADING to +2 pair of gloves of Posetu Ekuall
                  | {rElec Int+8 Dex-2}.
  1962 | D:2      | 1962 ||| DRINKING 2 black potions.
  1963 | D:2      | 1963 ||| DRINKING 2 brown potions.
  1964 | D:2      | 1964 ||| DROPPING potion of brilliance.
  2053 | D:3      | Reached ** piety under Trog
  2109 | D:3      | Found a faded altar of an unknown god.
  2237 | D:3      | 2237 ||| Stepping ~*~*~tactically~*~*~ (stealth).
  2239 | D:3      | 2239 ||| Stepping ~*~*~tactically~*~*~ (stealth).
  2241 | D:3      | 2241 ||| Stepping ~*~*~tactically~*~*~ (stealth).
  2242 | D:3      | 2242 ||| Stepping ~*~*~tactically~*~*~ (stealth).
  2245 | D:3      | Reached XP level 4. HP: 37/39 MP: 3/3
  2264 | D:3      | Reached skill level 6 in Axes
  2272 | D:3      | 2272 ||| Stepping ~*~*~tactically~*~*~ (stealth).
  2418 | D:3      | 2418 ||| Stepping ~*~*~tactically~*~*~ (stealth).
  2659 | D:3      | 2659 ||| UPGRADING to +0 plate armour.
  2669 | D:3      | 2669 ||| DROPPING +0 leather armour.
  2670 | D:3      | 2670 ||| READING scroll labelled AKHOAREN BEKK.
  2671 | D:3      | 2671 ||| READING scroll labelled XEILLE NEQA.
  2810 | D:3      | 2810 ||| DRINKING 2 purple potions.
  2824 | D:4      | 2824 ||| Stepping ~*~*~tactically~*~*~ (stealth).
  2964 | D:4      | Noticed a necrophage
  2972 | D:4      | Killed a necrophage
  2973 | D:4      | Reached skill level 7 in Axes
  2973 | D:4      | Reached XP level 5. HP: 44/45 MP: 4/4
  3031 | D:4      | 3031 ||| Stepping ~*~*~tactically~*~*~ (stealth).
  3032 | D:4      | 3032 ||| Stepping ~*~*~tactically~*~*~ (stealth).
  3115 | D:4      | Reached XP level 6. HP: 53/53 MP: 5/5
  3747 | D:4      | 3747 ||| UPGRADING to +6 ring of strength.
  3748 | D:4      | 3748 ||| READING scroll labelled XAONGE ZESACKI.
  3749 | D:4      | 3749 ||| READING 2 scrolls of teleportation.
  3768 | D:5      | Entered Level 5 of the Dungeon
  3842 | D:5      | 3842 ||| DRINKING potion of curing.
  3842 | D:5      | 3842 ||| (to cure confusion)
  3845 | D:5      | 3845 ||| INVOKING Berserk.
  3852 | D:5      | Reached skill level 8 in Axes
  3993 | D:5      | 3993 ||| Stepping ~*~*~tactically~*~*~ (stealth).
  3995 | D:5      | 3995 ||| INVOKING Berserk.
  4000 | D:5      | Reached XP level 7. HP: 60/60 MP: 6/6
  4003 | D:5      | Reached skill level 9 in Axes
  4131 | D:5      | Found Kawk's CLEARANCE SALE!.
  4157 | D:5      | 4157 ||| BUYING scroll of identify (10 gold).
  4157 | D:5      | Bought a scroll of identify for 10 gold pieces
  4390 | D:5      | 4390 ||| INVOKING Berserk.
  4745 | D:5      | Found a staircase to the Ecumenical Temple.
  4748 | D:5      | 4748 ||| READING scroll labelled DINYUNLEYV.
  4749 | D:5      | 4749 ||| READING scroll labelled UTZIET NALU.
  4750 | D:5      | 4750 ||| READING scroll labelled KAUR CUNWO.
  4751 | D:5      | 4751 ||| READING 3 scrolls labelled REK FOUSIREMM.
  4752 | D:5      | 4752 ||| READING 2 scrolls of identify.
  4752 | D:5      | 4752 ||| IDENTIFYING inky potion
  4753 | D:5      | 4753 ||| DROPPING potion of attraction.
  4754 | D:5      | 4754 ||| DROPPING 2 scrolls of butterflies.
  4774 | D:6      | 4774 ||| STAIRDANCE
  4846 | D:6      | 4846 ||| STAIRDANCE
  4890 | D:6      | 4890 ||| Stepping ~*~*~tactically~*~*~ (stealth).
  4913 | D:6      | Found a shimmering blue altar of Sif Muna.
  4987 | D:6      | 4987 ||| INVOKING Berserk.
  5189 | D:6      | 5189 ||| INVOKING Berserk.
  5192 | D:6      | Reached skill level 10 in Axes
  5258 | D:6      | 5258 ||| Stepping ~*~*~tactically~*~*~ (stealth).
  5260 | D:6      | 5260 ||| Stepping ~*~*~tactically~*~*~ (stealth).
  5280 | D:6      | Noticed Pikel
  5281 | D:6      | 5281 ||| FLEEEEING.
  5284 | D:6      | 5284 ||| FLEEEEING.
  5285 | D:6      | 5285 ||| FLEEEEING.
  5288 | D:6      | 5288 ||| FLEEEEING.
  5289 | D:6      | 5289 ||| FLEEEEING.
  5292 | D:6      | 5292 ||| FLEEEEING.
  5293 | D:6      | 5293 ||| FLEEEEING.
  5294 | D:6      | 5294 ||| FLEEEEING.
  5296 | D:6      | 5296 ||| FLEEEEING.
  5299 | D:6      | 5299 ||| FLEEEEING.
  5305 | D:6      | 5305 ||| FLEEEEING.
  5306 | D:6      | 5306 ||| FLEEEEING.
  5307 | D:6      | 5307 ||| FLEEEEING.
  5308 | D:6      | 5308 ||| FLEEEEING.
  5311 | D:6      | 5311 ||| STAIRDANCE
  5359 | D:5      | 5359 ||| DRINKING 3 metallic orange potions.
  5460 | D:5      | 5460 ||| DROPPING 2 potions of ambrosia.
  5464 | D:6      | 5464 ||| INVOKING Berserk.
  5471 | D:6      | Killed Pikel
  5472 | D:6      | Reached XP level 8. HP: 74/74 MP: 7/7
  5575 | D:6      | 5575 ||| Stepping ~*~*~tactically~*~*~ (stealth).
  5579 | D:6      | 5579 ||| INVOKING Berserk.
  5714 | D:6      | 5714 ||| DROPPING +0 flail.
  5734 | D:6      | Reached skill level 11 in Axes
  5964 | D:6      | 5964 ||| Stepping ~*~*~tactically~*~*~ (hiding).
  5975 | D:6      | 5975 ||| FLEEEEING.
  6071 | D:6      | 6071 ||| UPGRADING to +0 pair of boots.
  6164 | D:7      | Reached *** piety under Trog
  6213 | D:7      | Reached XP level 9. HP: 81/81 MP: 8/8
  6250 | D:7      | Reached skill level 1 in Throwing
  6339 | D:7      | Reached skill level 12 in Axes
  6391 | D:7      | 6391 ||| Stepping ~*~*~tactically~*~*~ (hiding).
  6392 | D:7      | 6392 ||| Stepping ~*~*~tactically~*~*~ (hiding).
  6560 | D:7      | Reached skill level 6 in Armour
  6560 | D:7      | 6560 ||| INVOKING Berserk.
  7108 | D:7      | 7108 ||| UPGRADING to +0 cloak.
  7113 | D:7      | 7113 ||| UPGRADING to +6 ring of dexterity.
  7114 | D:7      | 7114 ||| READING 3 scrolls of identify.
  7114 | D:7      | 7114 ||| IDENTIFYING green potion
  7115 | D:7      | 7115 ||| READING 2 scrolls of identify.
  7115 | D:7      | 7115 ||| IDENTIFYING smoky red potion
  7116 | D:7      | 7116 ||| DROPPING potion of degeneration.
  7160 | D:8      | Identified the +7 dagger of Watchfulness {vamp, rElec
                  | Will+}
  7218 | D:8      | 7218 ||| Stepping ~*~*~tactically~*~*~ (hiding).
  7255 | D:8      | 7255 ||| FLEEEEING.
  7257 | D:8      | 7257 ||| Stepping ~*~*~tactically~*~*~ (stealth).
  7264 | D:8      | Reached skill level 3 in Dodging
  7357 | D:8      | 7357 ||| DROPPING +0 morningstar.
  7578 | D:8      | Identified the amulet of the Special Mystics {+Inv rF-
                  | Regen+ Int-2 SInv}
  7644 | D:8      | 7644 ||| Stepping ~*~*~tactically~*~*~ (stealth).
  7660 | D:8      | Reached skill level 13 in Axes
  7768 | D:8      | 7768 ||| SWAPPING to +0 war axe.
  7769 | D:8      | 7769 ||| DROPPING +0 hand axe.
  7796 | D:8      | 7796 ||| Stepping ~*~*~tactically~*~*~ (stealth).
  7798 | D:8      | 7798 ||| Stepping ~*~*~tactically~*~*~ (stealth).
  7800 | D:8      | 7800 ||| Stepping ~*~*~tactically~*~*~ (stealth).
  7803 | D:8      | 7803 ||| Stepping ~*~*~tactically~*~*~ (stealth).
  7853 | D:8      | 7853 ||| Stepping ~*~*~tactically~*~*~ (stealth).
  7862 | D:8      | Reached skill level 3 in Throwing
  7866 | D:8      | 7866 ||| Stepping ~*~*~tactically~*~*~ (stealth).
  7867 | D:8      | 7867 ||| Stepping ~*~*~tactically~*~*~ (stealth).
  7903 | D:8      | Reached XP level 10. HP: 56/88 MP: 9/9
  8160 | D:8      | 8160 ||| UPGRADING to amulet of the Special Mystics {+Inv
                  | rF- Regen+ Int-2 SInv}.
  8165 | D:8      | 8165 ||| READING scroll labelled INITUY MOEM.
  8254 | D:9      | 8254 ||| INVOKING Berserk.
  8515 | D:9      | Reached skill level 14 in Axes
  8595 | D:9      | 8595 ||| INVOKING Berserk.
  8733 | D:9      | Noticed Maurice
  8745 | D:9      | Killed Maurice
  8746 | D:9      | Reached skill level 15 in Axes
  8750 | D:9      | Reached **** piety under Trog
  8753 | D:9      | 8753 ||| FLEEEEING.
  8754 | D:9      | 8754 ||| FLEEEEING.
  8755 | D:9      | 8755 ||| FLEEEEING.
  8812 | D:9      | Found a shimmering altar of Xom.
  8895 | D:9      | Noticed a cyclops
  8898 | D:9      | 8898 ||| FLEEEEING.
  8902 | D:9      | 8902 ||| FLEEEEING.
  8914 | D:9      | 8914 ||| INVOKING Berserk.
  8915 | D:9      | Killed a cyclops
  9042 | D:9      | 9042 ||| READING scroll of enchant armour.
  9042 | D:9      | 9042 ||| ENCHANTING +0 pair of boots.
  9181 | D:9      | 9181 ||| READING 3 scrolls of identify.
  9181 | D:9      | 9181 ||| IDENTIFYING fuming amethyst potion
  9182 | D:9      | 9182 ||| READING 2 scrolls of identify.
  9182 | D:9      | 9182 ||| IDENTIFYING smoky puce potion
  9183 | D:9      | 9183 ||| DROPPING potion of invisibility.
  9207 | D:10     | Entered Level 10 of the Dungeon
  9209 | D:10     | Noticed Nergalle
  9210 | D:10     | 9210 ||| Stepping ~*~*~tactically~*~*~ (hiding).
  9214 | D:10     | 9214 ||| INVOKING Berserk.
  9225 | D:10     | Killed Nergalle
  9226 | D:10     | Reached skill level 9 in Fighting
  9230 | D:10     | 9230 ||| STAIRDANCE
  9376 | D:10     | 9376 ||| Stepping ~*~*~tactically~*~*~ (stealth).
  9401 | D:10     | 9401 ||| INVOKING Berserk.
  9410 | D:10     | Identified the ring of Midsummer {rElec rPois}
  9411 | D:10     | 9411 ||| FLEEEEING.
  9412 | D:10     | 9412 ||| FLEEEEING.
  9494 | D:10     | 9494 ||| Stepping ~*~*~tactically~*~*~ (stealth).
  9548 | D:10     | 9548 ||| Stepping ~*~*~tactically~*~*~ (stealth).
  9552 | D:10     | Found a staircase to the Orcish Mines.
  9556 | D:10     | 9556 ||| Stepping ~*~*~tactically~*~*~ (stealth).
  9579 | D:10     | 9579 ||| Stepping ~*~*~tactically~*~*~ (stealth).
  9581 | D:10     | 9581 ||| Stepping ~*~*~tactically~*~*~ (stealth).
  9604 | D:10     | 9604 ||| Stepping ~*~*~tactically~*~*~ (stealth).
  9606 | D:10     | 9606 ||| Stepping ~*~*~tactically~*~*~ (stealth).
  9607 | D:10     | 9607 ||| Stepping ~*~*~tactically~*~*~ (stealth).
  9609 | D:10     | 9609 ||| Stepping ~*~*~tactically~*~*~ (stealth).
  9621 | D:10     | 9621 ||| Stepping ~*~*~tactically~*~*~ (stealth).
  9622 | D:10     | 9622 ||| Stepping ~*~*~tactically~*~*~ (stealth).
  9623 | D:10     | 9623 ||| Stepping ~*~*~tactically~*~*~ (stealth).
  9624 | D:10     | 9624 ||| Stepping ~*~*~tactically~*~*~ (stealth).
  9631 | D:10     | Reached XP level 11. HP: 97/97 MP: 10/10
  9657 | D:10     | Reached skill level 16 in Axes
  9739 | D:10     | 9739 ||| Stepping ~*~*~tactically~*~*~ (stealth).
  9748 | D:10     | 9748 ||| Stepping ~*~*~tactically~*~*~ (hiding).
  9764 | D:10     | 9764 ||| READING 2 scrolls of acquirement.
  9764 | D:10     | 9764 ||| ACQUIRING +2 cloak of the Thief {*Fog Slay-2 SInv
                  | Stlth+}
  9764 | D:10     | Acquired the +2 cloak of the Thief {*Fog Slay-2 SInv
                  | Stlth+}
  9764 | D:10     | Found the +2 cloak of the Thief {*Fog Slay-2 SInv Stlth+}
  9766 | D:10     | 9766 ||| READING scroll of acquirement.
  9766 | D:10     | 9766 ||| ACQUIRING +0 broad axe of flaming
  9766 | D:10     | Acquired a +0 broad axe of flaming
  9768 | D:10     | 9768 ||| SWAPPING to +0 broad axe of flaming.
  9769 | D:10     | 9769 ||| DROPPING +3 morningstar.
  9770 | D:10     | 9770 ||| DROPPING +0 war axe.
  9778 | D:10     | Found a staircase to the Lair.
  9807 | D:10     | Noticed a two-headed ogre
  9812 | D:10     | 9812 ||| INVOKING Berserk.
  9813 | D:10     | Killed a two-headed ogre
  9814 | D:10     | Reached skill level 9 in Armour
 10024 | D:10     | 10024 ||| INVOKING Berserk.
 10166 | D:10     | Noticed Sonja
 10178 | D:10     | Killed Sonja
 10459 | D:10     | 10459 ||| PLANNING LAIR
 10459 | D:10     | 10459 ||| UPGRADING to ring of Midsummer {rElec rPois}.
 10461 | D:10     | 10461 ||| UPGRADING to +6 ring of strength.
 10463 | D:10     | 10463 ||| READING 2 scrolls of identify.
 10463 | D:10     | 10463 ||| IDENTIFYING golden potion
 10506 | Lair:1   | Entered Level 1 of the Lair of Beasts
 10538 | Lair:1   | 10538 ||| INVOKING Berserk.
 10669 | Lair:1   | 10669 ||| INVOKING Berserk.
 10834 | Lair:1   | 10834 ||| INVOKING Berserk.
 10995 | Lair:1   | 10995 ||| INVOKING Berserk.
 11215 | Lair:1   | Noticed an oklob plant
 11216 | Lair:1   | Noticed an oklob plant
 11216 | Lair:1   | Noticed an oklob plant
 11219 | Lair:1   | Noticed a boulder beetle
 11220 | Lair:1   | Paralysed by a floating eye for 3 turns
 11223 | Lair:1   | 11223 ||| INVOKING Berserk.
 11229 | Lair:1   | Paralysed by a floating eye for 3 turns
 11233 | Lair:1   | Killed an oklob plant
 11234 | Lair:1   | Reached skill level 17 in Axes
 11234 | Lair:1   | Slain by a boulder beetle

Levels and vault maps discovered:
D:1:      eino_arrival_cavern_b, layout_basic
D:2:      layout_basic, kennysheep_generic_room_8
D:3:      layout_basic, shapermc_ecumenical_altar_rom_forum, saegor_snake_ambush
D:4:      layout_loops_corners, grunt_ministairs_4
D:5:      layout_basic, minmay_temple_entry_fiery, nicolae_shop_clearance
D:6:      layout_basic, kennysheep_little_box, uniq_pikel
D:7:      layout_rooms, serial_rivers, chequers_serial_rivers_small_3,
          chequers_serial_rivers_large_a, chequers_serial_rivers_small_3,
          chequers_serial_rivers_small_3, chequers_serial_rivers_small_b,
          chequers_serial_rivers_small_3
D:8:      layout_loops_cross
D:9:      layout_irregular_city, brannock_xom_greatest_gift,
          minmay_sticks_and_stones, uniq_maurice
D:10:     layout_loops_ring, lair_entry_dummy, zombieorc1_lemuel, uniq_nergalle,
          uniq_sonja
Lair:1:   layout_roguey, disabler_island, serial_bayou_shore_a,
          infiniplex_staircase_pool

Skill      XL: |  1  2  3  4  5  6  7  8  9 10 11 |
---------------+----------------------------------+-----
Axes           | 4 5 7 8 10 11 13 15 17 | 17.1
Armour         | 4 5 7 8 9 |  9.1
Fighting       | 4 8 9 |  9.2
Throwing       | 3 |  3.1
Dodging        | 3 4 |  4.3

Action                   |  1- 3 |  4- 6 |  7- 9 | 10-12 || total
-------------------------+-------+-------+-------+-------++-------
Melee: Hand axe          |    77 |    83 |   247 |       ||   407
       Headbutt          |     9 |    15 |    51 |    36 ||   111
       War axe           |       |       |    37 |   139 ||   176
       Punch             |       |       |     1 |     2 ||     3
       Broad axe         |       |       |       |    43 ||    43
Throw: Javelin           |       |       |    29 |    34 ||    63
       Boomerang         |       |       |       |    11 ||    11
Invok: Berserk           |     1 |     2 |     6 |    12 ||    21
  Use: Scroll            |     3 |     4 |     7 |     7 ||    21
       Potion            |     2 |     2 |     1 |       ||     5
 Stab: Sleeping          |     1 |       |       |       ||     1
Armor: Animal skin       |     9 |       |       |       ||     9
       Leather armour    |    12 |     8 |       |       ||    20
       Plate armour      |       |    28 |   104 |    67 ||   199
Dodge: Dodged            |    29 |    25 |    68 |    62 ||   184

Table legend:
 A = Non-vault XP
 B = Vault XP
 C = Vault XP percentage of total XP
 D = Non-vault monster count
 E = Vault monster count
 F = Vault count percentage of total count
                 A         B        C        D         E       F
            +---------+---------+-------+---------+---------+-------
      Total |   11337 |    4560 |  28.7 |     189 |      39 |  17.1
            +---------+---------+-------+---------+---------+-------
        D:1 |      49 |       0 |   0.0 |      19 |       0 |   0.0
        D:2 |      27 |       2 |   6.9 |      10 |       1 |   9.1
        D:3 |      39 |      13 |  25.0 |      19 |       1 |   5.0
        D:4 |     380 |      16 |   4.0 |      17 |       2 |  10.5
        D:5 |     578 |       0 |   0.0 |      13 |       0 |   0.0
        D:6 |     726 |     641 |  46.9 |      16 |       1 |   5.9
        D:7 |    1426 |       0 |   0.0 |      23 |       0 |   0.0
        D:8 |    1690 |       0 |   0.0 |      30 |       0 |   0.0
        D:9 |    1718 |     965 |  36.0 |      14 |       2 |  12.5
       D:10 |    2978 |    2418 |  44.8 |      19 |      31 |  62.0
     Lair:1 |    1726 |     505 |  22.6 |       9 |       1 |  10.0
            +---------+---------+-------+---------+---------+-------
